 Dungeon Crawl Stone Soup version 0.29-a0-486-ga88943ba61 (console) character file.

Game seed: 5648363977031757849

40 Faeu the Ducker (level 3, 0/21 HPs)
             Began as a Vampire Gladiator on May 26, 2022.
             Slain by a gnoll
             ... wielding a +0 spear
              (3 damage)
             ... on level 2 of the Dungeon.
             The game lasted 00:02:23 (1566 turns).

Faeu the Ducker (Vampire Gladiator)                 Turns: 1566, Time: 00:02:23

Health: 0/21       AC:  4    Str: 13    XL:     3   Next: 30%
Magic:  3/3        EV: 13    Int: 10    God:
Gold:   114        SH:  0    Dex: 17    Spells: 2/2 levels left

rFire   . . .      SeeInvis +   a - +0 rapier {short}
rCold   + + .      Faith    .   (no shield)
rNeg    + + +      Spirit   .   b - +0 leather armour
rPois   ∞          Reflect  .   c - +0 helmet
rElec   .          Harm     .   (no cloak)
rCorr   .          Rampage  .   (no gloves)
Will    .....                   (no boots)
Stlth   ++++......              (no amulet)
HPRegen 0.00/turn               (no ring)
MPRegen 0.08/turn               (no ring)

@: bloodless, inhibited regen
A: bloodless, fangs 3, see invisible, vampiric 2
a: Bat Form, Revivify


You were on level 2 of the Dungeon.
You visited 1 branch of the dungeon, and saw 2 of its levels.

You collected 114 gold pieces.


Innate Abilities, Weirdness & Mutations

You do not regenerate when monsters are visible.
You are frail without blood (-20% HP).
You can heal yourself when you bite living creatures.
You are immune to poison.
You have razor-sharp teeth.
You have supernaturally acute eyesight. (SInv)
You are afflicted with vampirism and can become a bat while bloodless.


   Skills:
 - Level 1.7 Fighting
 - Level 3.2 Short Blades
 - Level 1.5 Throwing
 + Level 4.1 Dodging
 + Level 3.3 Stealth


You had 2 spell levels left.
You didn't know any spells.
Your spell library was empty.

Inventory:

Hand Weapons
 a - a +0 rapier (weapon) {short}
Missiles
 d - 3 throwing nets (quivered) {=f!fthrowing}
 e - a javelin {throwing}
 f - 74 stones {throwing}
 k - 6 poisoned darts {throwing}
Armour
 b - a +0 leather armour (worn)
 c - a +0 helmet (worn)
 n - a +0 robe
   (You found it on level 2 of the Dungeon)
 p - a +0 plate armour
   (You found it on level 2 of the Dungeon)
 q - a +0 leather armour
   (You found it on level 2 of the Dungeon)
 s - a +0 pair of gloves
   (You found it on level 2 of the Dungeon)
Magical Staves
 o - a staff of conjuration {!a@e2staff}
   (You found it on level 2 of the Dungeon)
Jewellery
 h - a ring of poison resistance
   (You found it on level 1 of the Dungeon)
Scrolls
 i - a scroll of amnesia {unknown}
 j - a scroll of fog {unknown}
 m - 2 scrolls of teleportation {unknown}
 r - a scroll of fear {unknown}
 t - a scroll of magic mapping {unknown}
Potions
 g - 2 potions of brilliance {unknown}
 l - a potion of curing {unknown}

Dungeon Overview and Level Annotations

Branches:
Dungeon (2/15)

Altars:

######..........#...#+###########
#......###.#.##............#
#...g..# #...##............#
#>.....########............#
##.....#....g.'............#
#.....#.######............#
#.#'###.# #............#
#######...###g# #............#
#..........)..#### #............#
#..............g.# #.#####'######
#...........<###@# #.# #.#
#............# #.# #.# #.#####
#............# #g# #.# #.....#
###'########## #g# #g# #######
#.# #########.# #.# #.#
#.........###.# #.#
#.########..g.# ###.# #.# #.####
....# #.#### #.##### ##### #....#
#.....# ####.# #####.#


You could see 3 gnolls.


Message History

😮 HP[-8]
You take 8 damage, and now have 14/27 hp.
MASSIVE DAMAGE!! (PAUSE)
There are monsters nearby!
You are too injured to fight recklessly!
There are monsters nearby!
You are too injured to fight recklessly!
The gnoll attacks as you move away! The gnoll hits you with a +0 spear.
* * * LOW HITPOINT WARNING * * *
😨 HP[-5]
You take 5 damage, and now have 9/27 hp.
A gnoll comes into view.
It is wielding a +0 flail. 😨 HP[+1] 😨 HP[+1] 😨 HP[+1] 😨 HP[+1] 😮 HP[+1] 😮 HP[+1] 😮 HP[+1]
There is an escape hatch in the ceiling here.
The gnoll hits you from afar with a +0 spear.
* * * LOW HITPOINT WARNING * * *
A mysterious force pulls you upwards.
The hatch slams shut behind you. 😨 HP[-4]
You take 4 damage, and now have 12/27 hp.
You start resting.
HP restored. 😎 HP[+15]
You begin bloodletting.
You continue bloodletting. x5
You become bloodless. 😎 HP[-6]
You now have 21 max hp (-6).
You start waiting.
Done waiting.
Done exploring.
No target in view!
There is a stone staircase leading down here.
You climb downwards.
There is a stone staircase leading up here.
There is a stone staircase leading up here.
You open the door. You open the door.
There is an open door here.
There is an open door here.
You see here a rat skeleton.
There is an open door here.
A gnoll is nearby!
There is an open door here.
The gnoll shouts!
You hear a shout!
The gnoll misses you.
You barely miss the gnoll. The gnoll misses you.
You hit the gnoll. The gnoll barely misses you.
You hit the gnoll. You bite the gnoll.
You draw the gnoll's blood!
The gnoll barely misses you.
You hit the gnoll. You bite the gnoll.
You draw the gnoll's blood!
The gnoll hits you with a +0 whip! 😮 HP[-7]
You take 7 damage, and now have 14/21 hp.
MASSIVE DAMAGE!! (PAUSE)
You hit the gnoll but do no damage. The gnoll hits you with a +0 whip.
* * * LOW HITPOINT WARNING * * *
😨 HP[-6]
You take 6 damage, and now have 8/21 hp.
MASSIVE DAMAGE!! (PAUSE)
You puncture the gnoll!
You kill the gnoll! 😨 HP[+1]
There is an open door here.
You start resting.
HP restored. 😎 HP[+12]
There is an open door here.
The gnoll shouts!
You hear a shout! x2
Things that are here:
a +0 whip {mace}; a gnoll corpse
There is an open door here.
The gnoll shouts!
You hit the gnoll.
The gnoll hits you from afar with a +0 spear.
The gnoll drinks a potion.
The gnoll seems to grow stronger. 😮 HP[-6]
You take 6 damage, and now have 15/21 hp.
MASSIVE DAMAGE!! (PAUSE)
You hit the gnoll. The gnoll hits you but does no damage.
The gnoll hits you with a +0 flail!
* * * LOW HITPOINT WARNING * * *
😨 HP[-8]
You take 8 damage, and now have 7/21 hp.
MASSIVE DAMAGE!! (PAUSE)
You hit the gnoll but do no damage. The gnoll closely misses you.
The gnoll hits you with a +0 flail.
* * * LOW HITPOINT WARNING * * *
😱 HP[-4]
You take 4 damage, and now have 3/21 hp.
You closely miss the gnoll. The gnoll completely misses you.
The gnoll closely misses you.
You hit the gnoll.
The gnoll hits you from afar with a +0 spear.
You die...

Skill      XL: |  1  2 |
---------------+-------+-----
Stealth        | 1 3 |  3.3
Dodging        | 4 |  4.1
Fighting       | |  1.7
Short Blades   | |  3.2
Throwing       | |  1.5

Action                   || total
-------------------------++-------
Melee: Rapier            ||    74
       Bite              ||     7
 Abil: Exsanguinate      ||     1
 Stab: Sleeping          ||     5
Armor: Leather armour    ||    22
Dodge: Dodged            ||    71

Levels and vault maps discovered:
D:1:      minmay_arrival_diagonal_passages, layout_rooms, basic_ecumenical_altar
D:2:      layout_basic

Notes
Turn   | Place    | Note
-------+----------+-------------------------------------------
     0 | D:1      | Faeu the Vampire Gladiator began the quest for the Orb.
     0 | D:1      | Reached XP level 1. HP: 16/16 MP: 1/1
     0 | D:1      | magus.rc [v1.9.6]
    69 | D:1      | Reached skill level 1 in Stealth
   163 | D:1      | Reached XP level 2. HP: 22/22 MP: 2/2
   207 | D:1      | Reached skill level 2 in Stealth
   242 | D:1      | Found a faded altar of an unknown god.
   636 | D:2      | Reached skill level 4 in Dodging
   722 | D:2      | Reached skill level 3 in Stealth
   872 | D:2      | Gained mutation: You are afflicted with vampirism and can
                  | become a bat while bloodless. [Vampire growth]
   872 | D:2      | Reached XP level 3. HP: 26/27 MP: 3/3
  1564 | D:2      | HP: 3/21 [gnoll/+0 flail (4)]
  1566 | D:2      | Slain by a gnoll

Vanquished Creatures
  A gnoll (D:2)
  An adder (D:2)
  3 bats (D:1)
  3 giant cockroaches
  4 goblins
  A hobgoblin (D:2)
  A kobold (D:1)
  A ball python (D:1)
  A frilled lizard (D:1)
  6 rats
22 creatures vanquished.

Table legend:
 A = Non-vault XP
 B = Vault XP
 C = Vault XP percentage of total XP
 D = Non-vault monster count
 E = Vault monster count
 F = Vault count percentage of total count
                 A         B        C        D         E       F
            +---------+---------+-------+---------+---------+-------
      Total |      58 |       0 |   0.0 |      22 |       0 |   0.0
            +---------+---------+-------+---------+---------+-------
        D:1 |      23 |       0 |   0.0 |      16 |       0 |   0.0
        D:2 |      35 |       0 |   0.0 |       6 |       0 |   0.0
            +---------+---------+-------+---------+---------+-------

Illustrated notes

Table legend:
 A = Kills in this place as a percentage of kills in entire the game.
 B = Kills by you in this place as a percentage of kills by you in the entire game.
 C = Kills by friends in this place as a percentage of kills by friends in the entire game.
 D = Other kills in this place as a percentage of other kills in the entire game.
 E = Experience gained in this place as a percentage of experience gained in the entire game.
 F = Experience gained in this place divided by the number of levels of this place that you have seen.
                   A       B       C       D       E      F
               +-------+-------+-------+-------+-------+----------------------
         Total | 100.0 | 100.0 |   N/A |   N/A | 100.0 |  29.0
       Dungeon | 100.0 | 100.0 |   N/A |   N/A | 100.0 |  29.0
               +-------+-------+-------+-------+-------+----------------------

Table legend: (Time is in decaauts)
 A = Elapsed time spent in this place.
 B = Non-inter-level travel time spent in this place.
 C = Inter-level travel time spent in this place.
 D = Time resting spent in this place.
 E = Time spent auto-exploring this place.
 F = Levels seen in this place.
 G = Mean time per level.
                   A        B        C        D        E       F      G
               +--------+--------+--------+--------+--------+-----+--------+
         Total |   1569 |   1543 |     26 |    309 |    937 |   2 |  784.5 |
       Dungeon |   1569 |   1543 |     26 |    309 |    937 |   2 |  784.5 |
               +--------+--------+--------+--------+--------+-----+--------+

Top non-repeatable levels by time:
     D:2: 818 daAuts
     D:1: 750 daAuts
